Construct Section Command Post
Construct Platoon Command Post
Selects Heavy Armor Battlegroup
Selects Light Vehicle Withdraw and Refit
Construct Company Command Post
6-pounder Anti-tank Gun Team
Construct Field Infirmary
Unlock M3 Grant Medium Tanks
Selects Designate Targets
Selects Rigorous Vehicle Training
Selects Forward Repair Assembly
Selects UNKNOWN (2162094)
Unlock Towed 17-pounder Anti-tank Guns
17-pounder Anti-tank Gun Team
17-pounder Anti-tank Gun Team